[Event "Titled Tuesday Blitz December 20 Early 2022"]
[White "Mikusinski, Bartosz"]
[Black "Ibarra Jerez, Jose Carlos"]
[WhiteFideId "1111256"]
[BlackFideId "2226332"]
[WhiteElo "2090"]
[BlackElo "2563"]
[Result "0-1"]
[Round "04"]
[TimeControl "180+2"]
[Date "2022.12.20"]
[WhiteClock "0:00:01"]
[BlackClock "0:00:44"]

1. e4 c5 2. Nf3 e6 3. d4 cxd4 4. Nxd4 Bc5 5. Nb3 Bb6 6. Nd4 Ne7 7. Nb3 O-O 8. Bc4 f5 9. exf5 Nxf5 10. O-O d5 11. Be2 Nc6 12. c4 Ne5 13. cxd5 exd5 14. Nc3 d4 15. Na4 d3 16. Nxb6 axb6 17. Bf3 Nh4 18. Be4 Ra4 19. f3 Bf5 20. Bxf5 Rxf5 21. Be3 Qd6 22. Nd2 Ra8 23. Qb3+ Kh8 24. Qxb6 Qd7 25. Qd4 Qe7 26. Bf2 Nhg6 27. Rfe1 Rd8 28. Qe4 Qg5 29. Rad1 h6 30. Bg3 Nc6 31. Nc4 Rd4 32. Qe8+ Rf8 33. Qe6 Nd8 34. Qb6 Rxc4 35. Rxd3 Nf4 36. Rd6 Nc6 37. Qxb7 Qc5+ 38. Bf2 Qxd6 0-1


[Site "https://www.chess.com"]

[Event "Titled Tuesday Blitz December 20 Early 2022"]
[White "Misanik, Peter"]
[Black "Zahid, Sanatan"]
[WhiteFideId "14921421"]
[BlackFideId "10201963"]
[WhiteElo "1785"]
[BlackElo "1930"]
[Result "0-1"]
[Round "04"]
[TimeControl "180+2"]
[Date "2022.12.20"]
[WhiteClock "0:00:39"]
[BlackClock "0:01:13"]

1. d4 e6 2. c4 b6 3. e4 Bb7 4. Bd3 Bb4+ 5. Kf1 Nc6 6. Ne2 Nh6 7. a3 Be7 8. b4 O-O 9. Nbc3 d6 10. Bxh6 gxh6 11. Qd2 Kg7 12. h4 Rg8 13. Rh3 Qf8 14. b5 Na5 15. Re1 Kh8 16. Nf4 Qg7 17. d5 Nb3 18. Qb2 Nc5 19. Nh5 Qxg2+ 20. Ke2 Qxh3 21. Nd1+ e5 22. Ne3 Bc8 23. Nf4 Qxh4 24. Nfg2 Qh5+ 25. Kd2 Qf3 26. Be2 Nxe4+ 27. Kc1 Qxf2 28. Rf1 Qg3 29. Rf3 Qg7 30. Qc2 Ng5 31. Nf5 Bxf5 32. Rxf5 e4 33. Kb1 Nf3 34. Nf4 Nd4 35. Qxe4 Nxf5 36. Qxf5 Qe5 0-1


[Site "https://www.chess.com"]

[Event "Titled Tuesday Blitz December 20 Early 2022"]
[White "Mitrabha, Guha"]
[Black "Nakamura, Hikaru"]
[WhiteFideId "5057000"]
[BlackFideId "2016192"]
[WhiteElo "2507"]
[BlackElo "2775"]
[Result "0-1"]
[Round "04"]
[TimeControl "180+2"]
[Date "2022.12.20"]
[WhiteClock "0:00:02"]
[BlackClock "0:00:54"]

1. d4 Nf6 2. Nf3 g6 3. g3 Bg7 4. Bg2 O-O 5. O-O d6 6. c4 c5 7. Nc3 Nc6 8. b3 Bg4 9. d5 Nxd5 10. cxd5 Bxc3 11. Bh6 Bxf3 12. Bxf3 Bxa1 13. Bxf8 Nd4 14. Bxe7 Qxe7 15. Qxa1 Re8 16. b4 b6 17. bxc5 bxc5 18. Rb1 Nxe2+ 19. Bxe2 Qxe2 20. h4 Qf3 21. Rb7 Qxd5 22. Rxa7 h5 23. a4 Qc6 24. a5 c4 25. Qc3 d5 26. a6 d4 27. Qb4 c3 0-1


[Site "https://www.chess.com"]

[Event "Titled Tuesday Blitz December 20 Early 2022"]
[White "Mohammed, Dilshad"]
[Black "Hanfin, Zahra Chumaira Amelia"]
[WhiteFideId "5050421"]
[BlackFideId "7111983"]
[WhiteElo "2103"]
[BlackElo "2062"]
[Result "1/2-1/2"]
[Round "04"]
[TimeControl "180+2"]
[Date "2022.12.20"]
[WhiteClock "0:00:24"]
[BlackClock "0:00:17"]

1. Nf3 c5 2. c4 Nc6 3. Nc3 g6 4. g3 Bg7 5. Bg2 d6 6. O-O e5 7. e4 Nge7 8. d3 Bg4 9. Be3 O-O 10. Qd2 f5 11. Ng5 fxe4 12. Ncxe4 h6 13. f3 Bf5 14. Nh3 Qd7 15. Nhf2 Kh7 16. Rae1 Rad8 17. a3 Nd4 18. Bxd4 cxd4 19. c5 dxc5 20. Nxc5 Qc7 21. b4 b6 22. Nce4 Nd5 23. Rc1 Qe7 24. Nd1 Rc8 25. Rc4 Be6 26. Re1 Qd7 27. h4 Qb5 28. Qc1 Qd7 29. Qd2 Qa4 30. f4 exf4 31. Rxc8 Rxc8 32. Nd6 Rc2 33. Rxe6 Rxd2 34. Nf2 Ne3 35. Be4 Qc2 36. Bxg6+ Kg8 37. Bf7+ Kh7 38. Bg6+ Kg8 39. Bf7+ Kh7 40. Bg6+ 1/2-1/2


[Site "https://www.chess.com"]

[Event "Titled Tuesday Blitz December 20 Early 2022"]
[White "MusicCityMaster"]
[Black "pedromartinez91"]
[WhiteElo "2329"]
[BlackElo "2488"]
[Result "0-1"]
[Round "04"]
[TimeControl "180+2"]
[Date "2022.12.20"]
[WhiteClock "0:00:08"]
[BlackClock "0:00:35"]

1. e4 c5 2. Nf3 Nc6 3. d3 Nf6 4. g3 d5 5. Nbd2 e5 6. Bg2 d4 7. O-O Bd6 8. Nc4 Be6 9. Nfd2 Bc7 10. a4 Nd7 11. f4 f6 12. f5 Bf7 13. b3 Qe7 14. Nf3 g5 15. Bd2 h5 16. a5 h4 17. g4 Qd8 18. h3 Bxc4 19. bxc4 Bxa5 20. Bxa5 Nxa5 21. Qb1 b6 22. Qb5 Qc7 23. Nd2 Nc6 24. Rfb1 Ke7 25. Bf3 Rhb8 26. Bd1 Kd6 27. Qb2 a6 28. Nb3 b5 29. cxb5 axb5 30. c3 dxc3 31. Qxc3 Nd4 32. Nxd4 exd4 33. Qb3 c4 34. Qb4+ Qc5 35. Rxa8 Rxa8 36. dxc4 bxc4 37. Qb7 d3+ 38. Kh1 Rb8 39. Qa6+ Rb6 40. Rxb6+ Nxb6 41. Qb7 Ke5 42. Qb8+ Kd4 43. Qd8+ Ke3 44. Qxf6 Kd2 45. Bf3 Qe3 46. Qb2+ Ke1 47. Qb1+ Kf2 48. Qg1+ Kxf3 49. Qg2+ Kf4 50. f6 d2 51. f7 d1=Q+ 52. Kh2 Qg3+ 53. Qxg3+ hxg3+ 54. Kg2 Qe2+ 55. Kg1 Qf2+ 56. Kh1 Qh2# 0-1


[Site "https://www.chess.com"]

[Event "Titled Tuesday Blitz December 20 Early 2022"]
[White "Nau, Guenter"]
[Black "GuessChess_game"]
[WhiteFideId "4661419"]
[WhiteElo "2205"]
[BlackElo "2424"]
[Result "1-0"]
[Round "04"]
[TimeControl "180+2"]
[Date "2022.12.20"]
[WhiteClock "0:00:09"]
[BlackClock "0:00:02"]

1. d4 Nf6 2. c4 e6 3. Nc3 Bb4 4. Nf3 b6 5. Bg5 h6 6. Bh4 Bb7 7. Rc1 O-O 8. e3 d6 9. a3 Bxc3+ 10. Rxc3 Nbd7 11. h3 g5 12. Bg3 Ne4 13. Rc1 f5 14. Qc2 Qf6 15. Bh2 e5 16. c5 Bd5 17. Bc4 Bxc4 18. Qxc4+ Kg7 19. cxd6 cxd6 20. Qc7 Rf7 21. dxe5 Nxe5 22. Bxe5 dxe5 23. Qxe5 Qxe5 24. Nxe5 Re7 25. Nf3 f4 26. O-O fxe3 27. fxe3 Rae8 28. Nd4 Rd7 29. Nf5+ Kh7 30. Rfd1 Rxd1+ 31. Rxd1 Re5 32. Rd7+ Kg6 33. Nd4 Nc5 34. Rxa7 Rxe3 35. Rc7 Rd3 36. Rc6+ Kf7 37. Nf3 Nd7 38. Rxh6 Rb3 39. Nxg5+ Kg7 40. Rh7+ Kg6 41. Rxd7 Kxg5 42. Rd2 Kh4 43. Kh2 Re3 44. g3+ Kg5 45. Kg2 Kf5 46. Kf2 Rb3 47. Kg2 Kg5 48. Kf2 Kf5 49. Kg2 Kg5 50. Kh2 Kf5 51. h4 Kg4 52. Rd4+ Kf3 53. Rb4 Rd3 54. Rxb6 Rd2+ 55. Kh3 1-0


[Site "https://www.chess.com"]

[Event "Titled Tuesday Blitz December 20 Early 2022"]
[White "Nithisker, P"]
[Black "Vsevolod_Ovchinnikov"]
[WhiteFideId "33434786"]
[WhiteElo "2346"]
[BlackElo "2557"]
[Result "0-1"]
[Round "04"]
[TimeControl "180+2"]
[Date "2022.12.20"]
[WhiteClock "0:00:03"]
[BlackClock "0:00:03"]

1. d4 Nf6 2. c4 g6 3. Nc3 d5 4. Nf3 Bg7 5. Qb3 dxc4 6. Qxc4 O-O 7. e4 a6 8. Qa4 Bg4 9. Be3 Bxf3 10. gxf3 Nbd7 11. Qb3 Rb8 12. O-O-O b5 13. Kb1 e6 14. f4 c5 15. dxc5 Qc7 16. e5 Ng4 17. Ne4 Nxe3 18. Qxe3 Rfc8 19. Rc1 Bh6 20. Bg2 Kh8 21. Nd6 Rf8 22. h4 f6 23. h5 g5 24. exf6 gxf4 25. Qxe6 Nxf6 26. Nf5 Bg5 27. c6 Rbe8 28. Qb3 Re2 29. Rhd1 Rxf2 30. Bh1 f3 31. Bxf3 Bxc1 32. Qc3 Bg5 0-1


[Site "https://www.chess.com"]

[Event "Titled Tuesday Blitz December 20 Early 2022"]
[White "NowInChess"]
[Black "emeli_chess"]
[WhiteElo "2177"]
[BlackElo "2405"]
[Result "0-1"]
[Round "04"]
[TimeControl "180+2"]
[Date "2022.12.20"]
[WhiteClock "0:00:01"]
[BlackClock "0:00:06"]

1. e4 c5 2. d3 d5 3. Nd2 Nc6 4. g3 Nf6 5. Bg2 dxe4 6. dxe4 e6 7. Ngf3 Be7 8. O-O O-O 9. e5 Nd7 10. Re1 Qc7 11. Qe2 Nd4 12. Nxd4 cxd4 13. Nb3 Bb4 14. Bd2 Bxd2 15. Qxd2 Nxe5 16. Nxd4 Nc6 17. Nxc6 bxc6 18. c4 Rd8 19. Qc3 Bd7 20. c5 Be8 21. Rad1 Rxd1 22. Rxd1 Rd8 23. Qc2 f6 24. h4 e5 25. Rxd8 Qxd8 26. Qb3+ Bf7 27. Qb7 Bd5 28. Qxa7 Bxg2 29. Kxg2 Qd5+ 30. Kh2 Qf3 31. Qb8+ Kf7 32. Qc7+ Kg6 33. Kg1 Qd1+ 34. Kg2 Qd5+ 35. Kh2 Qxc5 36. Kg2 Qd5+ 37. Kh2 Qxa2 38. Qxc6 Qxb2 39. Qe4+ Kf7 40. Qd5+ Ke7 41. Qc5+ Ke6 42. Qc4+ Kd6 43. Qa6+ Kd5 44. Qa8+ Kd4 45. Qa7+ Ke4 46. Qe3+ Kd5 47. Qd3+ Qd4 48. Qf3+ e4 49. Qb3+ Ke5 50. Qb8+ Kf5 51. Qc8+ Kg6 52. Qe8+ Kh6 53. Qf7 Qxf2+ 54. Kh3 Qf1+ 55. Kh2 Qf5 56. Kg2 e3 57. Qc4 Qf2+ 58. Kh3 e2 59. Qc1+ Kg6 60. Qc2+ Qf5+ 61. g4 Qxc2 62. Kg3 e1=Q+ 63. Kh3 Qe3# 0-1


[Site "https://www.chess.com"]

[Event "Titled Tuesday Blitz December 20 Early 2022"]
[White "Oleksandr_Bortnyk"]
[Black "Nemegejas"]
[WhiteElo "2984"]
[BlackElo "2883"]
[Result "0-1"]
[Round "04"]
[TimeControl "180+2"]
[Date "2022.12.20"]
[WhiteClock "0:00:04"]
[BlackClock "0:00:50"]

1. e4 c6 2. d4 d5 3. Nc3 dxe4 4. Nxe4 Nd7 5. Nf3 Ngf6 6. Qd3 Nxe4 7. Qxe4 Nf6 8. Qh4 Bf5 9. c3 e6 10. Bc4 Be7 11. O-O Ne4 12. Qf4 Bd6 13. Qe3 O-O 14. Bd3 Nf6 15. Bxf5 exf5 16. Qd3 Ne4 17. Re1 Re8 18. Be3 Qc7 19. Rad1 Rad8 20. a3 h6 21. h3 g5 22. Nd2 Bh2+ 23. Kh1 Bf4 24. Kg1 Re6 25. Nxe4 Bh2+ 26. Kh1 fxe4 27. Qe2 Bd6 28. d5 cxd5 29. Rxd5 Be5 30. Red1 Rxd5 31. Rxd5 b6 32. Kg1 f5 33. Qb5 f4 34. Rd7 Qc6 35. Qxc6 Rxc6 36. Bd4 Rd6 37. Rxa7 Bxd4 38. cxd4 Rxd4 39. Rb7 Rd1+ 40. Kh2 Rd2 41. Rxb6 Rxf2 42. Kg1 Rc2 43. a4 e3 44. Kf1 Kg7 45. a5 h5 46. a6 g4 47. hxg4 hxg4 48. a7 Rc1+ 49. Ke2 Ra1 50. Rb7+ Kf6 51. Rb6+ Kg5 52. Rb7 Kh4 53. Rf7 Kg3 54. b4 Ra2+ 55. Kd3 e2 56. a8=Q e1=N+ 57. Ke4 Rxa8 58. b5 Nxg2 59. b6 f3 60. b7 Rb8 61. Kd5 Nf4+ 62. Kc6 f2 0-1


[Site "https://www.chess.com"]

[Event "Titled Tuesday Blitz December 20 Early 2022"]
[White "Ordekalog"]
[Black "Hasangatin_Ramil"]
[WhiteElo "2796"]
[BlackElo "2705"]
[Result "0-1"]
[Round "04"]
[TimeControl "180+2"]
[Date "2022.12.20"]
[WhiteClock "0:00:19"]
[BlackClock "0:00:45"]

1. e4 d5 2. exd5 Qxd5 3. Nc3 Qd6 4. Nf3 Nf6 5. d4 c6 6. g3 Bg4 7. Bg2 e6 8. O-O Be7 9. h3 Bxf3 10. Bxf3 O-O 11. a3 Qd8 12. Re1 Nbd7 13. Bg2 Qc7 14. Bf4 Bd6 15. Bxd6 Qxd6 16. Qd2 Rad8 17. Rad1 Rfe8 18. Qg5 h6 19. Qa5 Qb8 20. Na4 b5 21. Nc3 Nd5 22. Nxd5 cxd5 23. Re3 Qb6 24. Qe1 Nf6 25. Rc3 Rc8 26. Rdd3 Rc4 27. Qe5 Rec8 28. Qe3 Rxc3 29. Rxc3 Rc4 30. Rxc4 bxc4 31. b3 cxb3 32. cxb3 Qa5 33. a4 Qb4 34. Kh2 a5 35. g4 Nd7 36. Bf1 Nf8 37. Bd3 Nd7 38. h4 Nf6 39. Kh3 h5 40. gxh5 Nxh5 41. Qe5 g6 42. Kh2 Qxb3 43. Bxg6 fxg6 44. Qxe6+ Kh7 45. Qf7+ Ng7 46. f4 Qc2+ 47. Kh1 Qd1+ 0-1


[Site "https://www.chess.com"]

[Event "Titled Tuesday Blitz December 20 Early 2022"]
[White "Paspuel, Trosky"]
[Black "APOKALIPSA13"]
[WhiteFideId "3602150"]
[WhiteElo "1721"]
[BlackElo "2220"]
[Result "0-1"]
[Round "04"]
[TimeControl "180+2"]
[Date "2022.12.20"]
[WhiteClock "0:00:11"]
[BlackClock "0:00:42"]

1. c4 e5 2. g3 Nf6 3. Bg2 c6 4. Nf3 e4 5. Nd4 Bc5 6. e3 Bxd4 7. exd4 Qb6 8. d5 cxd5 9. cxd5 Nxd5 10. Bxe4 Qe6 11. Qe2 Nb4 12. a3 d5 13. axb4 dxe4 14. Nc3 f5 15. g4 O-O 16. gxf5 Qxf5 17. Nxe4 Nc6 18. Rg1 Bd7 19. Rg5 Qf7 20. d3 Nd4 21. Qd1 Nf3+ 22. Kf1 Nxg5 23. Bxg5 Rae8 24. Rxa7 Rxe4 0-1


[Site "https://www.chess.com"]

[Event "Titled Tuesday Blitz December 20 Early 2022"]
[White "Pastana, Rafael Pedroni"]
[Black "Midgardsormur"]
[WhiteFideId "2140756"]
[WhiteElo "1978"]
[BlackElo "2460"]
[Result "1/2-1/2"]
[Round "04"]
[TimeControl "180+2"]
[Date "2022.12.20"]
[WhiteClock "0:01:12"]
[BlackClock "0:00:06"]

1. c4 Nf6 2. Nf3 e6 3. g3 d5 4. Bg2 dxc4 5. O-O c5 6. Qa4+ Bd7 7. Qxc4 Bc6 8. Nc3 Nbd7 9. d3 Be7 10. a3 O-O 11. b4 cxb4 12. axb4 Rc8 13. Qb3 a6 14. b5 axb5 15. Nxb5 Nc5 16. Qb1 Nd5 17. Bd2 Bf6 18. Ra2 Ra8 19. Rxa8 Qxa8 20. e4 Nb6 21. Nbd4 Nba4 22. Nxc6 bxc6 23. d4 Rb8 24. Qe1 Nb3 25. e5 Be7 26. Be3 Bb4 27. Qe2 Nc3 28. Qd3 Qa2 29. Ng5 g6 30. Ne4 Nxe4 31. Qxe4 Nd2 32. Bxd2 Bxd2 33. Qxc6 Rb1 34. Qf3 Rxf1+ 35. Bxf1 Qa1 36. d5 Qxe5 37. dxe6 Qxe6 1/2-1/2


[Site "https://www.chess.com"]

[Event "Titled Tuesday Blitz December 20 Early 2022"]
[White "Patricks, Anastasia"]
[Black "Yurasova_Daria"]
[WhiteFideId "7101929"]
[WhiteElo "1778"]
[BlackElo "2502"]
[Result "1-0"]
[Round "04"]
[TimeControl "180+2"]
[Date "2022.12.20"]
[WhiteClock "0:00:26"]
[BlackClock "0:00:08"]

1. c4 c6 2. g3 d5 3. Bg2 Nf6 4. Nf3 Bf5 5. O-O e6 6. b3 Be7 7. Bb2 Nbd7 8. Nc3 O-O 9. Rc1 h6 10. d4 a5 11. Re1 Ne4 12. c5 Nxc3 13. Bxc3 Be4 14. Bh3 Nf6 15. Ne5 Bh7 16. Bb2 a4 17. b4 Nd7 18. Nf3 Be4 19. Nd2 Bg6 20. a3 Bf6 21. f4 Re8 22. Nb1 h5 23. Nc3 Bf5 24. Bg2 h4 25. Nxa4 hxg3 26. hxg3 Be7 27. Qb3 Nf6 28. Nc3 Nh5 29. Nd1 Bf6 30. Nf2 Be4 31. Nxe4 dxe4 32. Rcd1 Qd5 33. Qe3 Qa2 34. Rd2 Rad8 35. Ra1 Qc4 36. Rc1 Qb5 37. g4 Nxf4 38. Qxf4 e3 39. Qxe3 e5 40. dxe5 Rxd2 41. Qxd2 Bxe5 42. Bxe5 Rxe5 43. Bf3 Re8 44. Qd7 Rf8 45. Kg2 Qa6 46. Qd3 Qa4 47. Rh1 Qa8 48. Qh7# 1-0


[Site "https://www.chess.com"]

[Event "Titled Tuesday Blitz December 20 Early 2022"]
[White "Patterson, Fheopatrick"]
[Black "BahadirOzen"]
[WhiteFideId "30939364"]
[WhiteElo "1497"]
[BlackElo "2853"]
[Result "0-1"]
[Round "04"]
[TimeControl "180+2"]
[Date "2022.12.20"]
[WhiteClock "0:00:21"]
[BlackClock "0:00:48"]

1. d4 g6 2. c4 Bg7 3. Nc3 d6 4. e4 e5 5. Be3 exd4 6. Bxd4 Nf6 7. Be2 O-O 8. Nf3 Nc6 9. Be3 Re8 10. Nd2 b6 11. Qc2 Ng4 12. Bxg4 Bxg4 13. h3 Bd7 14. O-O f5 15. exf5 Bxf5 16. Qc1 Ne5 17. Nce4 Nd3 18. Qc2 Nc5 19. f3 Nxe4 20. fxe4 Bd7 21. Rf3 Qe7 22. Raf1 Rf8 23. b3 Rxf3 24. Rxf3 Re8 25. Qc1 Bc6 26. Qa3 a5 27. Bf2 Bh6 28. Qb2 Bxe4 29. Nxe4 Qxe4 30. Qc3 Bg7 31. Qc1 Qe6 32. Qd1 Rf8 33. Re3 Qf5 34. Rf3 Qe5 35. Re3 Qa1 36. Qxa1 Bxa1 37. Re7 Rf7 38. Re8+ Kg7 39. Kf1 Bd4 40. Re2 c6 41. Ke1 Rxf2 42. Rxf2 Bxf2+ 43. Kxf2 Kf6 44. Ke3 Ke5 0-1


[Site "https://www.chess.com"]

[Event "Titled Tuesday Blitz December 20 Early 2022"]
[White "PavelChernomordik"]
[Black "Dadic, Ivan"]
[BlackFideId "14531364"]
[WhiteElo "2434"]
[BlackElo "2080"]
[Result "1/2-1/2"]
[Round "04"]
[TimeControl "180+2"]
[Date "2022.12.20"]
[WhiteClock "0:00:56"]
[BlackClock "0:01:34"]

1. e4 d5 2. exd5 Nf6 3. Bb5+ Nbd7 4. c4 a6 5. Bxd7+ Qxd7 6. Nf3 e6 7. Qe2 b5 8. b3 bxc4 9. bxc4 Be7 10. dxe6 Qxe6 11. Nc3 Qxe2+ 12. Nxe2 Be6 13. d3 O-O-O 14. Nfd4 Bb4+ 15. Bd2 Bxd2+ 16. Kxd2 Rhe8 17. f3 c5 18. Nxe6 Rxe6 19. Nf4 Red6 20. Rad1 g5 21. Nh3 Rxd3+ 22. Kc2 Rxd1 23. Rxd1 Rxd1 24. Kxd1 h6 25. Nf2 Kd7 26. Nd3 Kd6 27. Kd2 Nd7 28. Ke3 Ne5 29. Nxe5 Kxe5 30. g3 f5 31. f4+ gxf4+ 32. gxf4+ Kf6 33. Kf3 a5 1/2-1/2


[Site "https://www.chess.com"]

[Event "Titled Tuesday Blitz December 20 Early 2022"]
[White "Pietrek, Gerhard"]
[Black "Artem_0degov"]
[WhiteFideId "24631698"]
[WhiteElo "1596"]
[BlackElo "2661"]
[Result "0-1"]
[Round "04"]
[TimeControl "180+2"]
[Date "2022.12.20"]
[WhiteClock "0:00:06"]
[BlackClock "0:02:16"]

1. Nf3 d5 2. c4 e6 3. b3 Nf6 4. Bb2 c5 5. cxd5 exd5 6. d4 Nc6 7. e3 Be7 8. dxc5 Bxc5 9. Be2 O-O 10. O-O Bg4 11. Nc3 a6 12. Rc1 Ba7 13. Na4 Ne4 14. Ne5 Bxe2 15. Qxe2 Nxe5 16. Bxe5 Re8 17. Bc7 Qf6 18. Qb2 d4 19. exd4 Bxd4 20. Qc2 b5 21. Rce1 Nxf2 22. Nb6 Rxe1 23. Rxe1 Nd3+ 24. Kh1 Nxe1 25. Qe2 Bxb6 0-1


[Site "https://www.chess.com"]

[Event "Titled Tuesday Blitz December 20 Early 2022"]
[White "Pitcher, John"]
[Black "nikitakhoroshev"]
[WhiteFideId "411485"]
[WhiteElo "2210"]
[BlackElo "2709"]
[Result "1-0"]
[Round "04"]
[TimeControl "180+2"]
[Date "2022.12.20"]
[WhiteClock "0:00:06"]
[BlackClock "0:00:06"]

1. e4 e6 2. d4 d5 3. Nc3 dxe4 4. Nxe4 Nd7 5. Nf3 Ngf6 6. Bd3 Nxe4 7. Bxe4 Nf6 8. Bd3 c5 9. O-O cxd4 10. Nxd4 Bc5 11. Nb3 Bd6 12. Qf3 Qc7 13. h3 Bd7 14. Nd4 a6 15. Bg5 Bc6 16. Nxc6 Qxc6 17. Qxc6+ bxc6 18. Rfd1 Ke7 19. Rab1 a5 20. a4 h6 21. Bd2 Nd5 22. Re1 Rhb8 23. g3 Ra7 24. f4 g6 25. Kg2 h5 26. Kf3 Bb4 27. c3 Bd6 28. c4 Nb4 29. Be4 Bc5 30. Bc3 Rd8 31. Rbd1 Rad7 32. Rxd7+ Rxd7 33. Ke2 Bd4 34. Bxb4+ axb4 35. Bxc6 Rc7 36. Bb5 Bxb2 37. Kd3 Kd6 38. Kc2 Bd4 39. Re2 f6 40. Kb3 Bc3 41. Re3 e5 42. fxe5+ fxe5 43. Rd3+ Ke6 44. Rd8 e4 45. Re8+ Re7 46. Rxe7+ Kxe7 47. c5 e3 48. Bd3 Kd7 49. Kc4 Be1 50. g4 hxg4 51. hxg4 g5 52. a5 b3 53. a6 Kc7 54. Kxb3 Kb8 55. Kc4 Ka7 56. Kb5 Bg3 57. Kc6 Bf2 58. Kd6 Bg3+ 59. Kd7 Kb8 60. c6 Bf4 61. Be2 Bg3 62. Ke6 Bf4 63. Kf5 Ka7 64. c7 Bxc7 65. Kxg5 Kb6 66. Kf5 Bd8 67. g5 1-0


[Site "https://www.chess.com"]

[Event "Titled Tuesday Blitz December 20 Early 2022"]
[White "Rakhmanov_Aleksandr"]
[Black "Manukyan_Artak"]
[WhiteElo "2797"]
[BlackElo "2560"]
[Result "1-0"]
[Round "04"]
[TimeControl "180+2"]
[Date "2022.12.20"]
[WhiteClock "0:00:01"]
[BlackClock "0:00:55"]

1. d4 d5 2. c4 dxc4 3. Nf3 Nf6 4. e3 e6 5. Bxc4 c5 6. O-O a6 7. e4 b5 8. Be2 Nxe4 9. a4 b4 10. Be3 Bb7 11. Nbd2 Nxd2 12. Qxd2 Nc6 13. Rfd1 cxd4 14. Nxd4 Nxd4 15. Bxd4 Be7 16. Qe3 Bd5 17. Bxg7 Rg8 18. Qh6 Qa5 19. Rac1 Bxg2 20. Kxg2 Qg5+ 21. Qxg5 Bxg5 22. Rc7 Rxg7 23. Kf3 Rd8 24. Rxd8+ Bxd8 25. Rb7 f5 26. Rxg7 1-0


[Site "https://www.chess.com"]

[Event "Titled Tuesday Blitz December 20 Early 2022"]
[White "RamonManon0g"]
[Black "Ekat, Michael"]
[BlackFideId "4689801"]
[WhiteElo "2372"]
[BlackElo "2051"]
[Result "0-1"]
[Round "04"]
[TimeControl "180+2"]
[Date "2022.12.20"]
[WhiteClock "0:00:06"]
[BlackClock "0:00:05"]

1. e4 c6 2. d4 d5 3. e5 Bf5 4. Nd2 e6 5. Nb3 Nd7 6. Nf3 a6 7. c4 dxc4 8. Bxc4 Ne7 9. O-O Nd5 10. Bg5 Be7 11. Bxe7 Qxe7 12. Bxd5 cxd5 13. Rc1 Nb6 14. Nc5 O-O 15. b3 Rac8 16. Qd2 Rc7 17. Qb4 Nc8 18. g3 Na7 19. Nh4 Bh3 20. Rfe1 Nc6 21. Qd2 Rfc8 22. Na4 b5 23. Nb2 Qb4 24. Rcd1 Qxd2 25. Rxd2 Nb4 26. Nd3 Nc2 27. Rb1 Nxd4 28. f4 h6 29. Nf2 Rc1+ 30. Rd1 Rxb1 31. Rxb1 Bf5 32. Nxf5 Nxf5 33. Rb2 Rc1+ 34. Kg2 d4 35. Kf3 Rc3+ 36. Kg2 Ne3+ 37. Kh3 Rc1 38. Ne4 d3 39. Rd2 Nf1 40. Rxd3 Rc2 41. Nd2 Nxd2 42. f5 exf5 43. Rd8+ Kh7 44. Rd7 Nf3 45. g4 f4 46. g5 Rxh2+ 47. Kg4 Nxg5 48. Kxf4 Ne6+ 49. Ke4 Kg6 0-1


[Site "https://www.chess.com"]

[Event "Titled Tuesday Blitz December 20 Early 2022"]
[White "Roman_Ovetchkin"]
[Black "lamomiajunior"]
[WhiteElo "2702"]
[BlackElo "2526"]
[Result "1-0"]
[Round "04"]
[TimeControl "180+2"]
[Date "2022.12.20"]
[WhiteClock "0:00:04"]
[BlackClock "0:00:20"]

1. d4 Nf6 2. c4 e6 3. Nf3 d5 4. g3 dxc4 5. Bg2 c5 6. O-O Nc6 7. dxc5 Qxd1 8. Rxd1 Bxc5 9. Nbd2 c3 10. bxc3 O-O 11. Nb3 Be7 12. c4 Bd7 13. Bf4 Rfc8 14. g4 Be8 15. g5 Ne4 16. Kf1 a5 17. h4 a4 18. Nbd2 Nc5 19. Rab1 f6 20. Be3 Rab8 21. Bh3 Bf7 22. Rb5 Nd8 23. Nd4 Kf8 24. Rb6 f5 25. Bf4 Ra8 26. Bg2 Nd7 27. Rb5 Nc6 28. N4f3 Nc5 29. Be3 Na7 30. Rb6 Rc6 31. Rdb1 Rxb6 32. Rxb6 Nc8 33. Rb5 b6 34. Ne5 Rb8 35. Nc6 Rb7 36. Nxe7 Rxe7 37. Bxc5 bxc5 38. Rxc5 Nd6 39. Ra5 Be8 40. c5 Nb7 41. Bxb7 Rxb7 42. Nc4 Ke7 43. f3 Rb1+ 44. Kf2 Ra1 45. Ra7+ Kd8 46. Ra8+ Ke7 47. Nd6 Bd7 48. Ra7 Rxa2 49. Nxf5+ exf5 50. c6 Rd2 51. cxd7 Rxd7 52. Rxa4 Kf7 53. Ra6 Rd4 54. Kg3 h6 55. g6+ Ke7 56. h5 Rd7 57. Kf4 Rd5 58. Ra7+ Kf8 59. Rf7+ Kg8 60. Rxf5 Rd4+ 61. e4 Rd2 62. Rd5 Kf8 63. Rxd2 1-0


[Site "https://www.chess.com"]

[Event "Titled Tuesday Blitz December 20 Early 2022"]
[White "Rosenberg, Sergei G"]
[Black "IronicSteal05"]
[WhiteFideId "4102444"]
[WhiteElo "2418"]
[BlackElo "2245"]
[Result "0-1"]
[Round "04"]
[TimeControl "180+2"]
[Date "2022.12.20"]
[WhiteClock "0:00:09"]
[BlackClock "0:01:03"]

1. d4 Nf6 2. Nf3 d5 3. c3 Bf5 4. Qb3 Qc8 5. c4 c6 6. Nc3 e6 7. Bf4 Nbd7 8. cxd5 exd5 9. Rc1 a6 10. h3 b5 11. a3 Qb7 12. e3 Be7 13. g4 Bg6 14. Nh4 O-O 15. Nxg6 hxg6 16. Bg2 Rae8 17. Kd2 Bd8 18. Kc2 Bc7 19. Bxc7 Qxc7 20. Kb1 Qd6 21. Rc2 Nb6 22. Rhc1 Nc4 23. Qb4 Qd7 24. b3 a5 25. Qc5 Nd6 26. Nd1 Rc8 27. Qb6 a4 28. Rxc6 Rxc6 29. Rxc6 Nde4 30. g5 Nh7 31. Bxe4 dxe4 32. h4 Qg4 33. Nc3 Qg1+ 34. Kc2 Qxf2+ 35. Kc1 Qe1+ 36. Kc2 Qf2+ 37. Kd1 axb3 38. Qxb5 Qc2+ 39. Ke1 b2 40. Rb6 Qxc3+ 41. Ke2 Qc2+ 42. Ke1 Qh2 43. Qxb2 Qxh4+ 44. Qf2 Qxg5 45. a4 Qa5+ 46. Kf1 Qxb6 47. Qe2 Qb1+ 48. Qd1 Qxd1+ 0-1


[Site "https://www.chess.com"]

[Event "Titled Tuesday Blitz December 20 Early 2022"]
[White "Rostolis, Riccardo"]
[Black "FaustinoOro"]
[WhiteFideId "819948"]
[WhiteElo "1968"]
[BlackElo "2633"]
[Result "0-1"]
[Round "04"]
[TimeControl "180+2"]
[Date "2022.12.20"]
[WhiteClock "0:00:03"]
[BlackClock "0:00:09"]

1. e4 c5 2. Nc3 Nc6 3. Bb5 g6 4. Bxc6 dxc6 5. d3 Bg7 6. f4 Nf6 7. Nf3 O-O 8. O-O Nd7 9. Qe1 b6 10. Qh4 e5 11. Qg3 exf4 12. Bxf4 Ba6 13. Qh3 Qe7 14. Rae1 Rae8 15. Qg3 Ne5 16. Nxe5 Bxe5 17. Bxe5 Qxe5 18. Qxe5 Rxe5 19. Rf6 Bb7 20. Ref1 Kg7 21. b3 Re7 22. Nd1 Rd8 23. Ne3 Rdd7 24. g4 h6 25. Kg2 Rc7 26. Kg3 Bc8 27. h4 Be6 28. h5 b5 29. R6f2 a5 30. hxg6 fxg6 31. Rf8 Rc8 32. Rxc8 Bxc8 33. Rf4 Bd7 34. Kf3 Re5 35. Kg3 h5 36. gxh5 Rxh5 37. Ng2 Rh3+ 38. Kf2 Rh1 39. Ne1 Rh2+ 40. Ng2 Bh3 0-1


[Site "https://www.chess.com"]

[Event "Titled Tuesday Blitz December 20 Early 2022"]
[White "SHIVACalypso"]
[Black "deibittowers"]
[WhiteElo "2418"]
[BlackElo "2072"]
[Result "0-1"]
[Round "04"]
[TimeControl "180+2"]
[Date "2022.12.20"]
[WhiteClock "0:00:05"]
[BlackClock "0:00:23"]

1. e4 Nc6 2. d4 e5 3. d5 Nce7 4. Nf3 Ng6 5. h4 h5 6. Nc3 Nf6 7. Bg5 Bb4 8. Qd3 O-O 9. a3 Be7 10. O-O-O Ng4 11. Bxe7 Qxe7 12. Qd2 Qc5 13. b4 Qxf2 14. Nb5 d6 15. Nxc7 Rb8 16. Nb5 Qb6 17. Re1 a6 18. Nc3 Bd7 19. g3 Rbc8 20. Kb2 Rc7 21. Bh3 Rfc8 22. Nd1 Rxc2+ 23. Qxc2 Rxc2+ 24. Kxc2 Ba4+ 25. Kb2 Nf2 26. Nc3 Nd3+ 27. Ka2 Nxe1 28. Nxa4 Qf2+ 29. Ka1 Nc2+ 30. Kb2 Nd4+ 31. Ka1 Qxf3 32. Rc1 Qxa3+ 33. Kb1 Qxa4 34. Rc8+ Nf8 35. Bf5 Nxf5 36. exf5 Qxb4+ 0-1


[Site "https://www.chess.com"]